 Dungeon Sprint DCSS version 0.21.0-24-g2553a33 (webtiles) character file.

16 letownia2 the Ruffian (level 2, -5/28 HPs)
             Began as a Troll Wizard on Jan 21, 2018.
             Splashed by a jelly's acid (8 damage)
             ... in the Dungeon (Sprint IX: "|||||||||||||||||||||||||||||").
             The game lasted 00:00:24 (64 turns).

letownia2 the Ruffian (Troll Wizard)                  Turns: 64, Time: 00:00:24

Health: -5/28      AC: -7    Str: 14    XL:     2   Next: 37%
Magic:  4/4        EV:  9    Int: 14    God:
Gold:   0          SH:  0    Dex:  8    Spells: 4/5 levels left

rFire    . . .     SeeInvis .     - Unarmed
rCold    . . .     Gourm    +   (no shield)
rNeg     . . .     Faith    .   a - +0 robe
rPois    .         Spirit   .   b - +0 hat
rElec    .         Reflect  .   (no cloak)
rCorr    .         Harm     .   (gloves unavailable)
MR       .....     NoTele   +   (boots unavailable)
Stlth    +.........             (no amulet)
HPRegen  0.49/turn              (no ring)
MPRegen  0.09/turn              (no ring)

@: corroded
A: large, unfitting armour, claws 3, fast metabolism 3, gourmand, regeneration
1, shaggy fur 1, tough skin 2
a: no special abilities


You were in the Dungeon.
You were not hungry.

You visited 1 branch

Inventory:

Armour
 a - a +0 robe (worn)
 b - a +0 hat (worn)
Scrolls
 j - a scroll of blinking
Potions
 e - a potion of curing
 f - a potion of heal wounds
 g - a potion of haste
 h - 2 potions of magic
 i - a potion of berserk rage
Books
 c - a book of Minor Magic

   Spells                             Type                      Level
   a - Magic Dart                     Conjuration                  1
   b - Blink                          Translocation                2
   c - Call Imp                       Summoning                    2
   d - Slow                           Hexes                        2
   e - Conjure Flame                  Conjuration/Fire             3
   f - Mephitic Cloud                 Conjuration/Poison/Air       3
Comestibles
 d - 2 rations


   Skills:
 + Level 2.0 Fighting
 - Level 1.5 Dodging
 - Level 1.0 Stealth
 * Level 3.8 Unarmed Combat
 - Level 2.0 Spellcasting
 - Level 0.6 Conjurations
   Level 0.6 Summonings
   Level 0.6 Translocations


You had 4 spell levels left.
You knew the following spells:

 Your Spells              Type           Power        Failure   Level  Hunger
a - Magic Dart            Conj           #...         19%         1    ##.....


Dungeon Overview and Level Annotations

Branches:
Dungeon (1/1)

Altars:


Innate Abilities, Weirdness & Mutations

You are too large for most types of armour.
You have claws for hands.
Your metabolism is lightning-fast.
You like to eat raw meat.
Your natural rate of healing is unusually fast.
You are covered in fur. (AC +1)
You have very tough skin. (AC +2)


Message History

You kill the orc!
You scratch the jelly but do no damage. The acid corrodes you!
Your claws burn!
The jelly hits you.
You are splashed with acid!
The acid burns!
Things that are here:
a club; a short sword
There is an open door to the Dungeon, spattered with blood here.
You see here a club.
The jelly hits you.
You are splashed with acid!
The acid burns!
* * * LOW HITPOINT WARNING * * *
There is a staircase leading out of the dungeon here.
You barely miss the jelly.
Unknown command.
You barely miss the jelly. The jelly closely misses you.
Unknown command.
You scratch the jelly but do no damage. The acid corrodes you!
Your claws burn!
* * * LOW HITPOINT WARNING * * *
The jelly hits you.
* * * LOW HITPOINT WARNING * * *
The acid corrodes you!
You are splashed with acid!
The acid burns!
You die...

▓▓▓
▓@▓
▓J▓
▓l▓
▓o▓
▓)▓
▓)▓
▓.▓
▓.▓
▓.▓


You could see a jelly, an orc and a frilled lizard.

Vanquished Creatures
  An adder (D)
  An orc (D)
  A goblin (D)
  A hobgoblin (D)
  A ball python (D)
  A frilled lizard (D)
  A kobold (D)
7 creatures vanquished.

Notes
Turn   | Place    | Note
-------+----------+-------------------------------------------
     0 | D        | letownia2 the Troll Wizard began the quest for the Orb.
     0 | D        | Reached XP level 1. HP: 16/16 MP: 2/2
     4 | D        | Reached skill level 1 in Unarmed Combat
    14 | D        | Reached skill level 1 in Fighting
    14 | D        | Reached skill level 2 in Unarmed Combat
    43 | D        | Noticed a jelly
    49 | D        | Reached skill level 3 in Unarmed Combat
    49 | D        | Reached XP level 2. HP: 24/28 MP: 4/4
    64 | D        | Splashed by a jelly's acid

Skill      XL: |  1 |
---------------+----+-----
Unarmed Combat | 3 |  3.8
Fighting       | 2 |  2.0
Dodging        | |  1.5
Stealth        | |  1.0
Spellcasting   | |  2.0
Conjurations   | |  0.6
Summonings     | |  0.6
Translocations | |  0.6

Action                   || total
-------------------------++-------
Melee: Unarmed           ||    35
  Eat: Chunk             ||     1
Armor: Robe              ||     7
Dodge: Dodged            ||    12
